 Dungeon Crawl Stone Soup version 0.17.0-15-g6d90897 (webtiles) character file.

214 HungrySpirit the Cutter (level 5, 0/41 HPs)
             Began as a Vampire Chaos Knight on Nov 10, 2015.
             Slain by a gnoll
             ... wielding a +0 spear
              (10 damage)
             ... on level 3 of the Dungeon.
             The game lasted 00:05:20 (1847 turns).

HungrySpirit the Cutter (Vampire Chaos Knight)      Turns: 1847, Time: 00:05:20

Health: 0/41       AC:  5    Str: 11    XL:     5   Next: 60%
Magic:  5/5        EV: 13    Int: 14    God:    Xom [...*..]
Gold:   53         SH:  0    Dex: 15    Spells: 1 memorised, 3 levels left

rFire  . . .     SeeInvis +     a - +0 short sword (chaos)
rCold  . . .     Clarity  .     b - +2 leather armour
rNeg   . . .     SustAt   +     (no shield)
rPois  .         Gourm    .     (no helmet)
rElec  .         Spirit   .     (no cloak)
rCorr  .         Warding  .     (no gloves)
rMut   .         Stasis   .     (no boots)
MR     .....                    (no amulet)
Stlth  +++.......               (no ring)
                                l - ring of sustain attributes

@: regenerating quickly, not resistant to hostile enchantments, fairly stealthy
A: fangs 3, see invisible, unbreathing
a: Renounce Religion


You were on level 3 of the Dungeon.
You worshipped Xom.
You were a favourite toy of Xom.
You were very full.

You visited 1 branch of the dungeon, and saw 4 of its levels.

You collected 53 gold pieces.

Inventory:

Hand Weapons
 a - a +0 short sword of chaos (weapon)
Armour
 b - a +2 leather armour (worn)
Jewellery
 l - a ring of sustain attributes (left hand)
Scrolls
 f - a scroll of enchant armour {unknown}
 g - 3 scrolls of teleportation {unknown}
 h - 3 scrolls of remove curse {unknown}
 i - a scroll of noise {unknown}
 k - 4 scrolls of identify {unknown}
 r - 2 scrolls of amnesia {unknown}
Potions
 c - a potion of blood
 d - 2 potions of ambrosia {unknown}
 e - a potion of lignification {unknown}
 j - a potion of haste {unknown}
 m - a potion of curing {unknown}
 n - a potion of might {unknown}
 o - a potion of poison {unknown}
 q - a potion of degeneration {unknown}
 s - a potion of invisibility {unknown}
Books
 p - a book of Party Tricks

   Spells                             Type                      Level
   a - Summon Butterflies             Summoning                    1
   b - Apportation                    Translocation                1
   c - Tukima's Dance                 Hexes                        3
   d - Alistair's Intoxication        Transmutation/Poison         4
   e - Invisibility                   Hexes                        6


   Skills:
 + Level 3.4 Fighting
 * Level 5.1 Short Blades
 - Level 0.7 Armour
 + Level 3.4 Dodging
 + Level 3.6 Stealth


You had 3 spell levels left.
You knew the following spells:

 Your Spells              Type           Power        Failure   Level  Hunger
a - Apportation           Tloc           #.........   38%         1    ##.....


Dungeon Overview and Level Annotations

Branches:
Dungeon (4/15)
 Temple: D:4-7

Altars:
Ashenzari
Gozag
Kikubaaqudgha
Nemelex Xobeh
Qazlal
Ru
Vehumet
Xom
Yredelemnul
Zin


Innate Abilities, Weirdness & Mutations

Your natural rate of healing is unusually fast.
You have razor-sharp teeth.
You have supernaturally acute eyesight.
You can survive without breathing.


Message History

The gnoll completely misses you. The orc misses you.
You hit the orc but do no damage.
The orc is severely wounded.
The orc closely misses you.
The gnoll hits you from afar with a spear.
You hit the orc but do no damage.
The orc is severely wounded.
The orc barely misses you.
You barely miss the orc.
The orc is severely wounded.
The orc barely misses you.
The gnoll hits you from afar with a spear.
* * * LOW HITPOINT WARNING * * *
You hit the orc but do no damage.
The orc is severely wounded.
The orc hits you with a trident.
* * * LOW HITPOINT WARNING * * *
The gnoll hits you from afar with a spear!
You die... "I guess I need a new plaything now."

..........')go....# ∆
.. #.......#######.# ##
#..?....# #..#.#
#.......####.[#.# ∆
#.......#.......#
#.......#.......#
#...#####..g....# ####
#......## #####@o....#
######...'...b..#
#......###...b..# ###
#......# #......# #.#
#......###......#####%#
#......+........'.....#
∆
#......###.)....#####.#
#......+.#.##'### #.#
#......#.#)##.#######.#


You could see a gnoll and an orc (berserk).

Vanquished Creatures
  Ijyb (D:2)
  Jessica (D:3)
  Natasha (twice) (D:2)
  3 adders (D:2)
  2 gnolls (D:3)
  A worm (D:3)
  2 giant geckos (D:2)
  11 orcs
  2 bats
  6 giant cockroaches
  7 goblins
  2 hobgoblins
  7 jackals
  10 kobolds
  A quokka (D:2)
  A ball python (D:2)
  2 giant newts (D:1)
  10 rats
71 creatures vanquished.

Notes
Turn   | Place    | Note
--------------------------------------------------------------
     0 | D:1      | HungrySpirit the Vampire Chaos Knight began the quest for the Orb.
     0 | D:1      | Reached XP level 1. HP: 17/17 MP: 1/1
    29 | D:1      | Reached skill level 1 in Stealth
    31 | D:1      | XOM: divination: detect items
   163 | D:1      | Reached XP level 2. HP: 23/23 MP: 2/2
   559 | D:2      | Noticed Ijyb
   559 | D:2      | XOM: harmless Hex miscast
   567 | D:2      | Reached skill level 4 in Short Blades
   567 | D:2      | Reached XP level 3. HP: 28/28 MP: 3/3
   574 | D:2      | XOM: confuse monster(s)
   588 | D:2      | Killed Ijyb
   644 | D:2      | Reached XP level 4. HP: 26/34 MP: 4/4
   676 | D:2      | XOM: harmless Ice miscast
   960 | D:2      | Noticed Natasha
   962 | D:2      | Killed Natasha
   984 | D:2      | XOM: give mutations
   984 | D:2      | Gained mutation: You are dopey. (Int -2) [Xom's mischief]
   984 | D:2      | Lost mutation: You are dopey. (Int -2) [Xom's mischief]
   985 | D:2      | XOM: god gift: shiny naga barding {god gift}
  1068 | D:2      | You fall through a shaft for 2 floors!
  1125 | D:4      | XOM: god gift: metallic green potion
  1132 | D:4      | Learned a level 1 spell: Apportation
  1174 | D:3      | Noticed Jessica
  1176 | D:3      | XOM: summons friendly crimson imp
  1181 | D:3      | Killed Jessica
  1181 | D:3      | Reached XP level 5. HP: 41/41 MP: 5/5
  1219 | D:3      | Found a stormy altar of Qazlal.
  1245 | D:3      | Found a sparkling altar of Nemelex Xobeh.
  1286 | D:3      | XOM: god gift: scroll labeled LAT KOL RECWI
  1308 | D:3      | Found a glowing silver altar of Zin.
  1310 | D:3      | Found an ancient bone altar of Kikubaaqudgha.
  1310 | D:3      | Found an opulent altar of Gozag.
  1310 | D:3      | Found a shattered altar of Ashenzari.
  1311 | D:3      | Found a sacrificial altar of Ru.
  1311 | D:3      | Found a basalt altar of Yredelemnul.
  1314 | D:3      | Found a shimmering altar of Xom.
  1315 | D:3      | Found a radiant altar of Vehumet.
  1411 | D:2      | Noticed Natasha
  1419 | D:2      | Killed Natasha
  1576 | D:3      | Reached skill level 5 in Short Blades
  1647 | D:3      | XOM: divination: detect items
  1837 | D:3      | XOM: butterfly on damage
  1847 | D:3      | Slain by a gnoll

Action                   |  1- 3 |  4- 6 || total
-------------------------+-------+-------++-------
Melee: Short sword       |    88 |   133 ||   221
 Stab: Paralysed         |     2 |     1 ||     3
       Sleeping          |       |     3 ||     3
       Distracted        |       |     1 ||     1
  Eat: Corpse            |    10 |    10 ||    20
